 Dungeon Crawl Stone Soup version 0.27-a0-860-gaf99fae3ca (webtiles) character file.

Game seed: 2076432480943421867

817 mdonais the Skirmisher (level 7, -1/54 HPs)
             Began as a Djinni Gladiator on Apr 1, 2021.
             Was a Priest of Nemelex Xobeh.
             Killed by divine providence
             ... invoked by an orc priest
              (12 damage)
             ... on level 5 of the Dungeon.
             The game lasted 00:17:15 (4851 turns).

mdonais the Skirmisher (Djinni Gladiator)           Turns: 4851, Time: 00:17:16

Health: -1/54      AC: 10    Str: 15    XL:     7   Next: 94%
Gold:   186        EV: 10    Int:  9    God:    Nemelex Xobeh [***...] SH:  0 Dex: 15

rFire    + + .     SeeInvis .   n - +2 hand axe (flame)
rCold    x . .     Faith    .   (no shield)
rNeg     . . .     Spirit   .   t - +0 scale mail
rPois    ∞         Reflect  .   c - +0 helmet
rElec    .         Harm     .   v - +0 cloak
rCorr    .         Rampage  .   m - +1 pair of gloves
Will     .....                  (boots unavailable)
Stlth    ..........             (no amulet)
HPRegen  0.18/turn              g - ring of wizardry
MPRegen  0.00/turn              (no ring)

@: flying
A: fire resistance 2, cold vulnerability 1, float, innate caster, hp casting,
extra vitality 1
a: Renounce Religion, Draw Escape, Draw Destruction, Draw Summoning, Triple Draw


You were on level 5 of the Dungeon.
You worshipped Nemelex Xobeh.
Nemelex Xobeh was most pleased with you.
You visited 1 branch of the dungeon, and saw 5 of its levels.
You also visited: Sewer.

You collected 186 gold pieces.

Inventory:

Hand Weapons
 a - a +0 war axe
 k - a +5 vorpal scythe
   (You found it on level 2 of the Dungeon)
 l - a +3 spear
   (You took it off a gnoll on level 2 of the Dungeon)
 n - a +2 hand axe of flaming (weapon)
   (You found it on level 2 of the Dungeon)
 r - a +4 flail
   (You took it off a gnoll on level 4 of the Dungeon)
 x - a +0 shortbow
   (You took it off a centaur on level 5 of the Dungeon)
Missiles
 d - 80 stones
 i - 23 poisoned darts (quivered)
 j - 74 arrows
 Z - 4 throwing nets {=!f}
Armour
 b - a +0 leather armour
 c - a +0 helmet (worn)
 m - a +1 pair of gloves (worn)
   (You found it on level 2 of the Dungeon)
 t - a +0 scale mail (worn)
   (You found it on level 3 of the Dungeon)
 v - a +0 cloak (worn)
   (You found it on level 4 of the Dungeon)
Jewellery
 f - a ring of fire
   (You found it on level 1 of the Dungeon)
 g - a ring of wizardry (left hand)
   (You found it on level 5 of the Dungeon)
Wands
 w - a wand of polymorph (7)
   (You found it on level 4 of the Dungeon)
Scrolls
 e - a scroll of blinking {unknown}
 o - a scroll of silence {unknown}
 q - a scroll of holy word {unknown}
 y - a scroll of fog {unknown}
 M - a scroll of magic mapping
 T - 7 scrolls of teleportation
Potions
 h - 2 potions of lignification
 p - a potion of degeneration {unknown}
 s - a potion of mutation {unknown}
 u - 2 potions of heal wounds {unknown}
 H - 3 potions of haste
 Q - a potion of curing


   Skills:
 + Level 5.3 Fighting
 + Level 4.8 Axes
 - Level 1.5 Throwing
 - Level 3.2 Dodging
 + Level 4.5 Invocations


You couldn't memorise any spells.
You knew the following spells:

 Your Spells              Type           Power      Damage    Failure   Level
a - Animate Skeleton      Necr           0%         N/A       52%         1
b - Corpse Rot            Necr/Air       N/A        N/A       65%         2
c - Lesser Beckoning      Tloc           0%         N/A       86%         3
Your spell library was empty.

Dungeon Overview and Level Annotations

Branches:
Dungeon (5/15)              Sewer (visited)
 Temple: D:4-7

Altars:
Elyvilon
Fedhas
Kikubaaqudgha
Nemelex Xobeh
Qazlal
Trog


Innate Abilities, Weirdness & Mutations

You are immune to poison.
Your flesh is very heat resistant. (rF++)
You are vulnerable to cold. (rC-)
You float through the air rather than walking.
You learn spells naturally, not from books.
Your magical power is your life essence.
You have superior vitality. (+4 HP)


Message History

The wyvern skeleton is heavily damaged.
The wyvern skeleton bites you. The wyvern skeleton misses you.
You take 5 damage, and have 38/54 hp.
You hit the wyvern skeleton. You burn the wyvern skeleton.
The wyvern skeleton is severely damaged.
The wyvern skeleton bites you.
You take 6 damage, and have 32/54 hp.
You hit the wyvern skeleton. You burn the wyvern skeleton.
The wyvern skeleton is severely damaged.
The wyvern skeleton closely misses you.
You hit the wyvern skeleton. You burn the wyvern skeleton.
The wyvern skeleton is almost destroyed.
The wyvern skeleton bites you.
The wyvern skeleton bites you but does no damage.
You take 2 damage, and have 30/54 hp.
You slash the wyvern skeleton! You burn the wyvern skeleton.
You destroy the wyvern skeleton!
You start resting.
HP restored.
Health restored: 54
j - 74 arrows (gained 15)
You see here a +0 shortbow.
x - a +0 shortbow
There is a shaft here.
y - a scroll labelled VADOHU GYTUOQO A dart slug comes into view.
You hit the dart slug. You burn the dart slug.
The dart slug is heavily wounded.
The dart slug closely misses you.
You hit the dart slug. You burn the dart slug.
You kill the dart slug!
No target in view!
Okay, then.
It was a potion of curing.
You feel better.
Q - 3 potions of curing A water moccasin comes into view.
The water moccasin hisses angrily.
Throw: 24 darts (poison)
Press: ? - help, Q - select action, (/) - cycle Shift-Dir - straight line, f - water moccasin
Aim: a water moccasin (42% to hit)
You throw a poisoned dart.
The poisoned dart closely misses the water moccasin.
You draw a card...
You have drawn Pain.
Press: ? - help, Shift-Dir - straight line, f/p - water moccasin
Aim: a water moccasin The water moccasin convulses!
The water moccasin closely misses you.
You hit the water moccasin. You burn the water moccasin.
The water moccasin is severely wounded.
The water moccasin barely misses you.
You hit the water moccasin. You burn the water moccasin.
The water moccasin is almost dead.
The water moccasin barely misses you. x2
You hit the water moccasin. You burn the water moccasin.
The water moccasin is almost dead.
The water moccasin bites you but does no damage.
You hit the water moccasin. You burn the water moccasin.
You kill the water moccasin!
No target in view!
T - 7 scrolls of teleportation (gained 1)
u - 2 blue potions (gained 1)
g - a ring of wizardry An iguana and 4 orcs come into view.
An orc is wielding a +0 flail and quivering boomerangs of dispersal.
The orc shouts! x4
The orc moves out of view. x3
Found a gnarled jewelled staff.
You see here 26 arrows.
g - a ring of wizardry (left hand)
An orc priest comes into view.
It is wielding a +2 hand axe of freezing.
The orc priest shouts!
You see here 26 arrows.
You hit the orc. You burn the orc.
You kill the orc!
You slash the orc! You burn the orc.
You kill the orc!
You hit the orc. You burn the orc. The orc barely misses you.
You hit the orc. You burn the orc.
You kill the orc!
You hit the iguana. You burn the iguana.
The iguana is heavily wounded.
You hit the orc. You burn the orc. The iguana closely misses you.
The orc hits you but does no damage.
You slash the orc! You burn the orc.
You kill the orc!
You hit the iguana. You burn the iguana. The iguana bites you.
You take 2 damage, and have 52/54 hp.
You hit the iguana. You burn the iguana.
The iguana is severely wounded.
The iguana bites you.
You take 1 damage, and have 51/54 hp.
You closely miss the iguana.
The iguana is severely wounded.
The iguana barely misses you.
The iguana bites you but does no damage.
You closely miss the iguana.
The iguana is severely wounded.
The iguana bites you but does no damage.
You hit the iguana but do no damage.
The iguana is severely wounded.
The orc priest invokes the aid of Beogh against you.
Beogh smites you!
The iguana bites you but does no damage.
You take 17 damage, and have 35/54 hp.
MASSIVE DAMAGE!!
You slash the iguana! You burn the iguana.
You kill the iguana!
No target in view!
No target in view!
The orc priest looks braver for a moment.
You barely miss the orc priest.
The orc priest hits you but does no damage.
You barely miss the orc priest.
The orc priest hits you with a +2 hand axe of freezing.
The orc priest freezes you.
You take 8 damage, and have 28/54 hp.
You hit the orc priest. You burn the orc priest.
The orc priest is heavily wounded.
The orc priest calls down the wrath of Beogh upon you.
Beogh smites you!
* * * LOW HITPOINT WARNING * * *
You take 13 damage, and have 15/54 hp.
MASSIVE DAMAGE!!
You barely miss the orc priest.
The orc priest is heavily wounded.
The orc priest barely misses you.
You hit the orc priest. You burn the orc priest.
The orc priest is severely wounded.
The orc priest hits you but does no damage.
You hit the orc priest but do no damage.
The orc priest is severely wounded.
The orc priest hits you but does no damage.
You closely miss the orc priest.
The orc priest is severely wounded.
The orc priest hits you but does no damage.
You hit the orc priest. You burn the orc priest.
The orc priest is almost dead.
The orc priest hits you with a +2 hand axe of freezing!
* * * LOW HITPOINT WARNING * * *
The orc priest freezes you.
* * * LOW HITPOINT WARNING * * *
You take 13 damage, and have 3/54 hp.
MASSIVE DAMAGE!!
You feel better.
The orc priest calls down the wrath of Beogh upon you.
Pain shoots through your body!
* * * LOW HITPOINT WARNING * * *
You feel better.
The orc priest invokes the aid of Beogh against you.
Beogh smites you!
You die...
Your body glows slightly and disappears.

...|... .......
....... .......
##?...... .#
#........ ...#
##))...... #...#.o#
#....@# # #..###.##
.#... #..# #
...#######.#
#...........#.....#
........##........#
##...... ##.......#
#.....##. ###.....#
#.....##..###.....#


You could see an orc priest.

Vanquished Creatures
  A water moccasin (D:5)
  2 black bears (D:4)
  A necrophage (D:4)
  A centaur (D:5)
  A wyvern skeleton (D:5)
  4 iguanas
  4 gnolls
  6 adders
  A river rat (Sewer)
  5 dart slugs
  8 orcs
  9 endoplasms
  9 giant cockroaches
  5 goblins
  4 hobgoblins
  8 quokkas
  7 ball pythons
  9 bats
  8 frilled lizards
  7 kobolds
  11 rats
111 creatures vanquished.

Vanquished Creatures (collateral kills)
  3 gnolls (D:2)
3 creatures vanquished.

Grand Total: 114 creatures vanquished

Notes
Turn   | Place    | Note
-------+----------+-------------------------------------------
     0 | D:1      | mdonais the Djinni Gladiator began the quest for the Orb.
     0 | D:1      | Reached XP level 1. HP: 18/18 MP: 0/0
   245 | D:1      | Reached XP level 2. HP: 24/24 MP: 0/0
   520 | D:1      | Found a faded altar of an unknown god.
   538 | D:1      | Became a worshipper of Nemelex Xobeh the Trickster
   538 | D:1      | Reached * piety under Nemelex Xobeh
   980 | D:1      | Received a gift from Nemelex Xobeh
  1186 | D:2      | Reached XP level 3. HP: 22/29 MP: 0/0
  1186 | D:2      | Learned a level 1 spell: Animate Skeleton
  1466 | D:2      | Found a white marble altar of Elyvilon.
  1666 | D:2      | Noticed Sigmund
  1681 | D:2      | Noticed Sigmund
  1681 | D:2      | Sigmund changed into Sigmund the adder
  1693 | D:2      | Killed Sigmund the adder
  1694 | D:2      | Reached skill level 3 in Fighting
  1694 | D:2      | Reached skill level 1 in Invocations
  1745 | D:2      | Reached ** piety under Nemelex Xobeh
  1848 | D:2      | Reached XP level 4. HP: 31/35 MP: 0/0
  2561 | D:3      | Found a glowing drain.
  2640 | Sewer    | Entered a sewer
  2658 | Sewer    | Reached XP level 5. HP: 33/40 MP: 0/0
  2658 | Sewer    | Learned a level 2 spell: Corpse Rot
  2853 | Sewer    | Received a gift from Nemelex Xobeh
  3333 | D:3      | Found a blossoming altar of Fedhas.
  3529 | D:4      | Reached *** piety under Nemelex Xobeh
  3529 | D:4      | Received a gift from Nemelex Xobeh
  3608 | D:4      | Noticed a black bear
  3793 | D:4      | Noticed a black bear
  3802 | D:4      | Killed a black bear
  3803 | D:4      | Reached skill level 4 in Fighting
  3803 | D:4      | Reached XP level 6. HP: 38/47 MP: 0/0
  3855 | D:4      | Killed a black bear
  4245 | D:4      | Found a bloodstained altar of Trog.
  4278 | D:4      | Reached XP level 7. HP: 53/53 MP: 0/0
  4278 | D:4      | Learned a level 3 spell: Lesser Beckoning
  4406 | D:4      | Found a stormy altar of Qazlal.
  4550 | D:5      | Entered Level 5 of the Dungeon
  4583 | D:5      | Reached skill level 5 in Fighting
  4851 | D:5      | Killed from afar by an orc priest

Illustrated notes

Levels and vault maps discovered:
D:1:      dpeg_arrival_court, layout_basic, chequers_ecumenical_altar_island
D:2:      layout_basic, basic_altar, skrybe_limestone_x, uniq_sigmund
D:3:      layout_basic, general_overflow_altar, gup_sewer_entry_pipe,
          hangedman_decor_points
D:4:      layout_cave_pools, trog_ov_bears_minmay,
          nicolae_qazlal_scattered_showers, lemuel_tele_altar
D:5:      layout_rooms, gammafunk_ghost_grave, serial_shops,
          nicolae_shop_crystal, uniq_ijyb, uniq_menkaure

Skill      XL: |  1  2  3  4  5  6  7 |
---------------+----------------------+-----
Axes           | 3 4 |  4.8
Fighting       | 3 4 5 |  5.3
Invocations    | 1 2 3 4 |  4.5
Throwing       | |  1.5
Dodging        | |  3.2

Action                   |  1- 3 |  4- 6 |  7- 9 || total
-------------------------+-------+-------+-------++-------
Melee: War axe           |   108 |     6 |       ||   114
       Hand axe          |       |   172 |    52 ||   224
Throw: Dart              |       |    24 |     1 ||    25
 Cast: Animate Skeleton  |     2 |       |       ||     2
Invok: Draw Destruction  |     2 |     2 |     1 ||     5
       Draw Summoning    |       |     1 |       ||     1
  Use: Scroll            |       |     4 |       ||     4
       Potion            |       |       |     3 ||     3
 Stab: Sleeping          |       |     1 |       ||     1
Armor: Leather armour    |    46 |    39 |       ||    85
       Scale mail        |       |    35 |    24 ||    59
Dodge: Dodged            |    76 |   105 |    30 ||   211

Table legend: (Time is in decaauts)
 A = Elapsed time spent in this place.
 B = Non-inter-level travel time spent in this place.
 C = Inter-level travel time spent in this place.
 D = Time resting spent in this place.
 E = Time spent auto-exploring this place.
 F = Levels seen in this place.
 G = Mean time per level.
                   A        B        C        D        E       F      G
               +--------+--------+--------+--------+--------+-----+--------+
         Total |   4914 |   4689 |    225 |    992 |   2609 |   6 |  819.0 |
       Dungeon |   4592 |   4367 |    225 |    987 |   2415 |   5 |  918.4 |
         Sewer |    321 |    321 |      0 |      5 |    194 |   1 |  321.0 |
               +--------+--------+--------+--------+--------+-----+--------+

Top non-repeatable levels by time:
     D:2: 1293 daAuts
     D:1: 1277 daAuts
     D:4: 866 daAuts
     D:3: 853 daAuts
   Sewer: 321 daAuts
     D:5: 302 daAuts
